 Dungeon Crawl Stone Soup version 0.29-a0-994-gc5c9f59d18 (webtiles) character file.

Game seed: 17373381527048790355

828 tilp the Scholar of Death (level 7, 0/53 HPs)
             Began as a Mummy Necromancer on Aug 3, 2022.
             Was a Follower of Kikubaaqudgha.
             Slain by a phantom (4 damage)
             ... on level 5 of the Dungeon.
             The game lasted 00:07:44 (5962 turns).

tilp the Scholar of Death (Mummy Necromancer)       Turns: 5962, Time: 00:07:45

Health: 0/53       AC:  3    Str: 12    XL:     7   Next: 65%
Magic:  13/13      EV: 12    Int: 16    God:    Kikubaaqudgha [*.....]
Gold:   309        SH:  0    Dex: 12    Spells: 2/14 levels left

rFire   x . .      SeeInvis .   a - +0 whip (elec)
rCold   + . .      Faith    .   (no shield)
rNeg    + + +      Spirit   .   g - +0 robe
rPois   ∞          Reflect  .   (no helmet)
rElec   .          Harm     .   d - +0 cloak
rCorr   +          Rampage  .   (no gloves)
Will    .....                   (no boots)
Stlth   ++........              s - amulet of magic regeneration
HPRegen 0.17/turn               i - ring of resist corrosion
MPRegen 0.53/turn               (no ring)

@: no status effects
A: cold resistance 1, negative energy resistance 3, torment resistance 2, heat
vulnerability 1, in touch with death 1, no potions
a: Renounce Religion, Unearth Wretches


You were on level 5 of the Dungeon.
You worshipped Kikubaaqudgha.
Kikubaaqudgha was aware of your devotion.
You visited 2 branches of the dungeon, and saw 6 of its levels.

You collected 309 gold pieces.

Inventory:

Hand Weapons
 a - a +0 whip of electrocution (weapon)
 m - a +0 dagger
Missiles
 e - 34 stones
 f - 6 poisoned darts
Armour
 d - a +0 cloak (worn)
 g - a +0 robe (worn)
 k - an orb of mayhem
 l - a +1 ring mail of fire resistance
Jewellery
 i - a ring of resist corrosion (left hand)
 s - an amulet of magic regeneration (around neck)
Wands
 b - a wand of mindburst (8)
 h - a wand of charming (5)
 q - a wand of flame (23)
Scrolls
 c - a scroll of enchant weapon
 j - a scroll of teleportation
 n - 2 scrolls of amnesia
 o - a scroll of vulnerability {unknown}
 p - a scroll of magic mapping {unknown}
 r - a scroll of blinking {unknown}


   Skills:
 * Level 3.9 Fighting
 + Level 2.8 Dodging
 - Level 2.0 Stealth
 + Level 4.2 Spellcasting
 * Level 7.0 Necromancy
 + Level 1.7 Evocations


You had 2 spell levels left.
You knew the following spells:

 Your Spells              Type           Power      Damage    Failure   Level
a - Necrotise             Necr           100%       1d9       1%          1
b - Vampiric Draining     Necr           38%        2d8       2%          3
c - Animate Dead          Necr           38%        N/A       9%          4
d - Anguish               Hex/Necr       10%        N/A       36%         4

Your spell library contained the following spells:

 Spells                   Type           Power      Damage    Failure   Level
 Agony                    Necr           38%        N/A       26%         5
 Haunt                    Necr/Summ      10%        N/A       100%        7
 Summon Hydra             Summ           1%         N/A       100%        7
 Infestation              Necr           19%        N/A       100%        8
 Sublimation of Blood     Necr           Unusable   N/A       N/A         2
 Wereblood                Tmut           Unusable   N/A       N/A         2

Dungeon Overview and Level Annotations

Branches:
Dungeon (5/15)             Temple (1/1) D:4

Altars:
Ashenzari
Cheibriados
Dithmenos
Gozag
Kikubaaqudgha
Makhleb
Nemelex Xobeh
Okawaru
Ru
Uskayaw
Vehumet
Wu Jian
Yredelemnul

Annotations:
D:2 1 runed translucent door, Crazy Yiuf, Sigmund


Innate Abilities, Weirdness & Mutations

You are immune to poison.
Your flesh is cold resistant. (rC+)
You are immune to negative energy. (rN+++)
You are immune to unholy pain and torment.
You are vulnerable to heat. (rF-)
You are in touch with the powers of death.
You do not drink.


Message History

The phantom is lightly damaged.
The phantom hits you.
You are too injured to fight recklessly!
You are too injured to fight recklessly!
You are too injured to fight recklessly!
You closely miss the phantom.
The phantom is lightly damaged.
The phantom hits you.
The phantom blinks!
You blink.
You barely miss the phantom.
The phantom is lightly damaged.
The phantom hits you but does no damage.
You closely miss the phantom.
The phantom is lightly damaged.
The phantom hits you.
The phantom blinks!
You blink.
You miss the phantom. The phantom hits you.
You hit the phantom. Lightning courses through the phantom!!
The phantom is severely damaged.
The phantom barely misses you.
You hit the phantom but do no damage.
The phantom is severely damaged.
The phantom misses you.
You barely miss the phantom.
The phantom is severely damaged.
The phantom hits you!
* * * LOW HITPOINT WARNING * * *
You hit the phantom. Your punch misses the phantom.
The phantom is almost destroyed.
The phantom hits you!
* * * LOW HITPOINT WARNING * * *
The phantom hits you but does no damage.
You barely miss the phantom.
The phantom is severely damaged.
The phantom hits you.
* * * LOW HITPOINT WARNING * * *
The phantom blinks!
You blink.
You miss the phantom.
The phantom is severely damaged.
The phantom hits you.
You die...
Kikubaaqudgha rasps: "You have failed me!
Welcome... oblivion!"

.#####.##≈~..##....#
##.#≈~...####..# ####..'...._8
##.### +...'.#~~...# #....+
#####.##≈~..##....#.#
#..##~~_#...#.#.#
#...###8#####.#.# .... .
###..#### ##.§#.# .....
###....####@§.#.# #..#
##..........W###.#######.####
#.......########.##..........
#.......#........##..........
#.......#.#########.)........
.....................<........
...........................#.##
......................####.#.##
.....................# #.#†.#


You could see a phantom.

Vanquished Creatures
  An orc warrior (D:5)
  A black bear (D:4)
  2 ogres
  3 scorpions
  An orc priest (D:5)
  An iguana (D:5)
  Jessica (D:2)
  An orc wizard (D:5)
  Natasha (twice) (D:3)
  3 gnolls (D:3)
  3 adders
  An ufetubus (D:5)
  5 dart slugs
  3 orcs
  8 ball pythons
  9 endoplasms
  A giant cockroach (D:1)
  4 goblins
  5 hobgoblins
  3 jackals (D:1)
  6 kobolds
  A quokka (D:2)
  5 bats
  12 frilled lizards
  3 rats
85 creatures vanquished.

Vanquished Creatures (collateral kills)
  A kobold (D:1)
1 creature vanquished.

Vanquished Creatures (others)
  6 plants (D:5)
6 creatures vanquished.

Grand Total: 92 creatures vanquished

Notes
Turn   | Place    | Note
-------+----------+-------------------------------------------
     0 | D:1      | tilp the Mummy Necromancer began the quest for the Orb.
     0 | D:1      | Reached XP level 1. HP: 13/13 MP: 4/4
   263 | D:1      | Reached XP level 2. HP: 13/20 MP: 0/5
   641 | D:1      | Reached skill level 1 in Fighting
   948 | D:1      | You fall into a shaft and drop 1 floor!
  1000 | D:1      | Gained mutation: You are in touch with the powers of death.
                  | [Mummy growth]
  1000 | D:1      | Reached XP level 3. HP: 23/26 MP: 5/7
  1004 | D:1      | Learned a level 3 spell: Vampiric Draining
  1500 | D:2      | Found a faded altar of an unknown god.
  1500 | D:2      | Noticed Sigmund
  1596 | D:2      | Noticed Jessica
  1599 | D:2      | Killed Jessica
  1600 | D:2      | Reached XP level 4. HP: 30/33 MP: 4/8
  2168 | D:3      | Noticed Natasha
  2173 | D:3      | Killed Natasha
  2174 | D:3      | Reached skill level 5 in Necromancy
  2559 | D:2      | Reached XP level 5. HP: 38/38 MP: 4/9
  2793 | D:2      | Found a runed translucent door.
  2794 | D:2      | Noticed Crazy Yiuf
  3322 | D:3      | Noticed Natasha
  3339 | D:3      | Killed Natasha
  3710 | D:4      | Reached skill level 6 in Necromancy
  3822 | D:4      | Found a broken altar of Ashenzari.
  3835 | D:4      | Noticed an ogre
  3861 | D:4      | Killed an ogre
  3862 | D:4      | Reached XP level 6. HP: 46/46 MP: 0/10
  4508 | D:4      | Found a staircase to the Ecumenical Temple.
  4535 | Temple   | Entered the Ecumenical Temple
  4690 | Temple   | Became a worshipper of Kikubaaqudgha
  4931 | D:4      | Learned a level 4 spell: Animate Dead
  4969 | D:5      | Entered Level 5 of the Dungeon
  4974 | D:5      | Reached skill level 1 in Evocations
  5036 | D:4      | Reached XP level 7. HP: 52/52 MP: 2/12
  5407 | D:5      | Found an iron altar of Okawaru.
  5491 | D:5      | Reached * piety under Kikubaaqudgha
  5491 | D:5      | Received a gift from Kikubaaqudgha
  5492 | D:5      | Reached skill level 7 in Necromancy
  5522 | D:5      | Learned a level 4 spell: Anguish
  5779 | D:5      | Found a shadowy altar of Dithmenos.
  5921 | D:5      | Found a radiant altar of Vehumet.
  5921 | D:5      | Found a snail-covered altar of Cheibriados.
  5962 | D:5      | Slain by a phantom

Illustrated notes

Levels and vault maps discovered:
D:1:      lightli_arrival_chessboard, layout_basic,
          wander_ebering_terrifying_dragon_lair
D:2:      layout_basic, hellmonk_ecumenical_altar_slurped_away,
          hangedman_abyss_or_decor_lesser_grid, uniq_crazy_yiuf_cottage,
          uniq_jessica, uniq_sigmund
D:3:      layout_loops_ring, uniq_natasha
D:4:      layout_loops_corners, nicolae_ashenzari_skybound,
          minmay_temple_entry_statues_pillars, serial_park_tiny_pond
D:5:      layout_basic, general_overflow_altar, okawaru_metal_pillars_3,
          led_xom_imps, gammafunk_temple_overflow_claw,
          gammafunk_ghost_necromancy, minmay_lizard_king
Temple:   hellmonk_temple_beads

Skill      XL: |  1  2  3  4  5  6  7 |
---------------+----------------------+-----
Fighting       | 1 2 3 |  3.9
Spellcasting   | 3 4 |  4.2
Stealth        | 2 |  2.0
Dodging        | 2 |  2.8
Necromancy     | 5 6 7 |  7.0
Evocations     | 1 |  1.7

Action                   |  1- 3 |  4- 6 |  7- 9 || total
-------------------------+-------+-------+-------++-------
Melee: Unarmed           |     1 |       |       ||     1
       Whip              |    11 |    16 |    52 ||    79
       Dagger            |     3 |       |       ||     3
 Cast: Necrotise         |    66 |    59 |     4 ||   129
       Vampiric Draining |       |    10 |    10 ||    20
Evoke: Wand              |       |       |     4 ||     4
  Use: Scroll            |     1 |     2 |       ||     3
 Stab: Distracted        |       |     1 |       ||     1
       Sleeping          |       |       |     1 ||     1
Armor: Robe              |     9 |     8 |    15 ||    32
Dodge: Dodged            |    29 |    33 |    44 ||   106

Table legend: (Time is in decaauts)
 A = Elapsed time spent in this place.
 B = Non-inter-level travel time spent in this place.
 C = Inter-level travel time spent in this place.
 D = Time resting spent in this place.
 E = Time spent auto-exploring this place.
 F = Levels seen in this place.
 G = Mean time per level.
                   A        B        C        D        E       F      G
               +--------+--------+--------+--------+--------+-----+--------+
         Total |   5969 |   5736 |    233 |   1141 |   3730 |   6 |  994.8 |
       Dungeon |   5800 |   5642 |    158 |   1141 |   3648 |   5 | 1160.0 |
        Temple |    168 |     93 |     75 |      0 |     82 |   1 |  168.0 |
               +--------+--------+--------+--------+--------+-----+--------+

Top non-repeatable levels by time:
     D:1: 1400 daAuts
     D:4: 1320 daAuts
     D:2: 1306 daAuts
     D:3: 950 daAuts
     D:5: 821 daAuts
  Temple: 168 daAuts
